Cogmind - Beta 11.1 *** ADVENTURER MODE // 2022.07.29 @ 16:19:29 Player: Ms Vella Result: Destroyed by P-70 Sage with High-powered Shock Rifle Performance ------------- Evolutions (5) 2500 Regions Visited (12) 2400 Robots Destroyed (128) 640 Value Destroyed (5326) 5326 Prototype IDs (42) 840 Alien Tech Used (0) 0 Bonus (5438) 5438 TOTAL SCORE: 17144 Bonus ------- High Alert Combat Kills 266 Follower Combat Kills 296 Entered DSFs 500 Met Warlord at Base 500 MAIN.C Attacked Warlord 500 Warlord Defense Kills 3376 Cogmind --------- Core Integrity 0/1000 Matter 26/300 Energy 40/100 System Corruption 17% Temperature Cool (0) Movement Core (800) Ox15 Location -5/Warlord Parts ------- > --- POWER (2) -------- (None) > --- PROPULSION (4) --- (None) > --- UTILITY (9) ------ Improved Heat Sink High-capacity Storage Unit Improved Weapon Cycler > --- WEAPON (2) ------- Vortex Lance > --- INVENTORY (20) --- Cold Fusion Reactor Cold Fusion Reactor Vortex Chain Reactor High-capacity Storage Unit Energy Well (350) High-capacity Matter Pod (0) Experimental Matter Compressor Experimental Phase Shifter Recalibrator Tesla Rifle Wave Gun KE Penetrator Gauss Cannon Vortex Catalyst Activator (4) Makeshift Sword Plasma Lance Peak State ------------ > --- POWER ------------ Cold Fusion Reactor Cold Fusion Reactor > --- PROPULSION ------- Armored Treads Improved Medium Treads Spiked Medium Treads Armored Medium Treads > --- UTILITY ---------- Improved Heat Sink Advanced Heat Sink High-capacity Storage Unit Improved Trap Scanner Makeshift Salvage Targeting Computer Experimental Target Analyzer Improved Weapon Cycler Experimental Phase Shifter Experimental Focal Shield > --- WEAPON ----------- Tri-rail Accelerator > --- INVENTORY -------- Cold Fusion Reactor Cold Fusion Reactor Vortex Chain Reactor High-capacity Storage Unit Energy Well High-capacity Matter Pod Experimental Matter Compressor Tesla Rifle Wave Gun KE Penetrator Gauss Cannon Enhanced Gauss Cannon Vortex Catalyst Activator Makeshift Sword Plasma Lance Vortex Lance Vortex Lance [Rating: 109] Favorites ----------- Power Cold Fusion Reactor Engine Light Ion Engine Power Core Light Fission Core Reactor Cold Fusion Reactor Propulsion Light Treads Treads Light Treads Leg Carbon-fiber Leg Hover Unit Improved Airjet Utility Hacking Suite Device Advanced Heat Sink Storage High-capacity Storage Unit Processor Targeting Computer Hackware Hacking Suite Protection Layered Light Armor Plating Weapon EM Pulse Gun Energy Gun EM Pulse Gun Ballistic Gun Makeshift Shrapnel Gun Ballistic Cannon Tri-rail Accelerator Launcher Improved Proton Missile Launcher Slashing Weapon Makeshift Sword Piercing Weapon Vortex Lance Build | -11 -10 -10 -10 -9 -8 -7 -7 -6 -5 -5 -5 -5 ------- Run | Scr Mat Min Exi Min Mat Fac DSF Fac Fac Upp Upp War Slots Evolved 10 | . . . . . 4 2 . 2 2 . . . Power 1 | . . . . . . . . 1 . . . . Propulsion 2 | . . . . . 1 1 . . . . . . Utility 7 | . . . . . 3 1 . 1 2 . . . Weapon . | . . . . . . . . . . . . . Parts Attached 127 | 2 8 6 2 . 12 . 5 14 50 1 1 26 Power 16 | . 1 1 . . 1 . 1 1 10 . . 1 Engine 6 | . 1 1 . . 1 . . 1 2 . . . Core 6 | . . . . . . . 1 . 5 . . . Reactor 4 | . . . . . . . . . 3 . . 1 Propulsion 27 | 1 2 1 . . 1 . 1 7 12 . . 2 Treads 15 | . 2 1 . . 1 . 1 3 5 . . 2 Leg 3 | 1 . . . . . . . . 2 . . . Wheel . | . . . . . . . . . . . . . Hover 9 | . . . . . . . . 4 5 . . . Flight . | . . . . . . . . . . . . . Utility 39 | . 4 . 2 . 7 . 3 3 12 1 1 6 Device 21 | . 3 . 1 . 2 . 2 2 7 1 . 3 Storage 6 | . 1 . 1 . 1 . . 1 2 . . . Processor 4 | . . . . . 2 . . . . . . 2 Hackware 1 | . . . . . 1 . . . . . . . Protection 7 | . . . . . 1 . 1 . 3 . 1 1 Artifact . | . . . . . . . . . . . . . Weapon 45 | 1 1 4 . . 3 . . 3 16 . . 17 Energy Gun 8 | 1 . 1 . . 1 . . 1 4 . . . Energy Cannon . | . . . . . . . . . . . . . Ballistic Gun 6 | . . . . . 1 . . 1 4 . . . Ballistic Cannon 14 | . 1 1 . . 1 . . . 4 . . 7 Launcher 9 | . . 2 . . . . . 1 2 . . 4 Special Weapon . | . . . . . . . . . . . . . Impact Weapon . | . . . . . . . . . . . . . Slashing Weapon 2 | . . . . . . . . . 2 . . . Piercing Weapon 6 | . . . . . . . . . . . . 6 Special Melee Weapon . | . . . . . . . . . . . . . Unidentified Prototypes 13 | . . . . . 1 . . 2 3 . . 7 Corrupted Parts 1 | . . . . . 1 . . . . . . . System Corruption 3 | . . . . . 3 . . . . . . . Parts Lost 48 | . . 2 . . 1 . 2 2 25 . 1 15 Power 9 | . . 1 . . . . . . 6 . . 2 Propulsion 12 | . . 1 . . . . 1 1 5 . 1 3 Utility 19 | . . . . . . . 1 . 10 . . 8 Weapon 8 | . . . . . 1 . . 1 4 . . 2 Highest Loss Streak 13 | . . 2 . . 1 . 2 1 13 . 1 11 To Critical Strikes 2 | . . . . . . . . 1 1 . . . Average Slot Usage (%) 86 | . 98 100 100 100 95 . 93 79 68 73 77 79 Engine 6 | . 13 14 14 14 9 . 3 . 1 . . . Core 1 | . . . . . . . 4 6 4 . . . Reactor 3 | . . . . . . . . . . 11 11 10 Treads 20 | . 25 28 28 28 25 . 24 13 14 17 13 13 Device 15 | . 12 14 14 14 9 . 15 21 12 20 23 24 Storage 8 | . 14 14 14 14 9 . 7 6 5 5 5 5 Processor 1 | . . . . . 8 . 7 6 . . . 1 Hackware 3 | . . . . . 7 . 7 6 5 5 5 4 Protection 4 | . . . . . 7 . 6 . 5 5 10 10 Energy Gun 7 | . 20 13 14 14 3 . . 2 1 . . . Ballistic Gun 1 | . . . . . 3 . 7 6 3 . . . Ballistic Cannon 7 | . 7 14 14 14 10 . 7 3 2 5 5 4 Naked Turns . | . . . . . . . . . . . . . Heaviest Build 93 | 12 14 14 19 19 63 63 66 58 88 90 92 93 Greatest Support 105 | 20 40 40 40 40 60 60 80 60 103 80 80 105 Greatest Overweight (x) 2 | . . . . . 1 1 . 2 2 1 1 1 Average Overweight (x) . | . . . . . . 1 . . . 1 1 . Largest Inventory Capacity 25 | 8 25 8 10 10 20 20 20 20 20 20 20 20 Average Capacity 14 | 8 8 8 9 10 16 20 20 17 16 20 20 20 Most Carried 20 | 6 8 8 10 10 20 20 20 20 15 16 20 20 Average Carried 12 | 3 7 7 7 10 12 20 19 16 10 15 16 19 Final Capacity 20 | 8 8 8 10 10 20 20 20 10 20 20 20 20 Final Carried 20 | 1 8 6 10 10 20 20 20 10 15 16 20 18 Class Distribution -------------------- 50% | Hacker-Mutant 41% | Mutant 7% | Scavenger-Mutant Dominant Class ---------------- Mutant | -10/Materials Mutant | -10/Mines Mutant | -10/Exiles Mutant | -9/Mines Hacker-Mutant | -8/Materials Hacker-Mutant | -7/Factory Hacker-Mutant | -7/DSF Hacker-Mutant | -6/Factory Hacker-Mutant | -5/Factory Hacker-Mutant | -5/Upper Caves Hacker-Mutant | -5/Upper Caves Hacker-Mutant | -5/Warlord Resources | -11 -10 -10 -10 -9 -8 -7 -7 -6 -5 -5 -5 -5 ----------- Run | Scr Mat Min Exi Min Mat Fac DSF Fac Fac Upp Upp War Matter Collected 3390 | 200 407 191 . . 204 . 50 240 1251 238 311 298 Remotely 150 | . . . . . . . . . 150 . . . Salvage Created 4000 | . 200 434 113 . 333 . 202 89 1654 132 172 671 Parts 186 | . 13 25 6 . 13 . 11 4 67 3 16 28 Haulers Intercepted 1 | . . . . . . . . . 1 . . . Recyclers Shooed 3 | . . 1 . . . . . . 2 . . . Parts Field Recycled . | . . . . . . . . . . . . . Retrieved Matter . | . . . . . . . . . . . . . Parts Self-Destructed 16 | . . . . . . . . . . . 16 . Prevented . | . . . . . . . . . . . . . Kills | -11 -10 -10 -10 -9 -8 -7 -7 -6 -5 -5 -5 -5 ------- Run | Scr Mat Min Exi Min Mat Fac DSF Fac Fac Upp Upp War Combat Hostiles Destroyed 112 | . 8 12 . . 6 . 6 6 31 4 10 29 Melee 6 | . . . . . . . . . 3 . . 3 Guns 27 | . 8 2 . . 3 . 4 2 8 . . . Cannons 41 | . . 2 . . 3 . 2 1 11 4 10 8 AOE 37 | . . 8 . . . . . 3 9 . . 17 Classes Destroyed 17 | . 3 1 . . 3 . 2 . 6 . . 2 Worker 3 | . . . . . 1 . . . 2 . . . Builder 5 | . . . . . . . . . 5 . . . Hauler 1 | . . . . . . . . . 1 . . . Recycler 4 | . . 2 . . 2 . . . . . . . Watcher 3 | . 1 . . . . . . . 2 . . . Swarmer 37 | . 6 6 . . 1 . . 6 4 . 9 5 Grunt 43 | . 2 6 . . 2 . 2 . 19 . . 12 Brawler 3 | . . . . . 1 . . . 1 . . 1 Duelist 1 | . . . . . . . . . . . . 1 Protector 3 | . . . . . . . . . 1 . . 2 Sentry 1 | . . . . . . . . . 1 . . . Specialist 5 | . . . . . . . 3 . . . . 2 Hunter 4 | . . . . . 2 . . . 1 . 1 . Programmer 6 | . . . . . . . . . 3 . . 3 Heavy 1 | . . . . . . . 1 . . . . . Behemoth 1 | . . . . . . . . . 1 . . . Striker 3 | . . . . . . . . . . . . 3 Thug 4 | . . . . . . . . . . 4 . . Best Kill Streak 13 | . 3 4 . . 3 . 3 3 10 4 5 13 Combat Bots Only 13 | . 3 3 . . 3 . 3 3 9 4 5 13 Max Kills in Single Turn 5 | . 1 3 . . 1 . 1 2 3 1 2 5 Gunslinging . | . . . . . . . . . . . . . Exploded 5 | . . 3 . . . . . 2 3 . . 5 Melee 1 | . . . . . . . . . 1 . . 1 Uniques/NPCs Destroyed . | . . . . . . . . . . . . . Combat | -11 -10 -10 -10 -9 -8 -7 -7 -6 -5 -5 -5 -5 -------- Run | Scr Mat Min Exi Min Mat Fac DSF Fac Fac Upp Upp War Damage Taken 7732 | . 187 310 . . 468 . 338 185 3582 259 328 2075 Core 1237 | . 59 62 . . 34 . 57 23 513 16 13 460 Absorbed by Shields . | . . . . . . . . . . . . . Redirected to Shielding 169 | . . . . . . . . . . . 38 131 Regen/Repaired (Parts) 28 | . 28 . . . . . . . . . . . Core Remaining (%) 86 | 100 . . . 51 93 . 91 97 . . . . Volleys Fired 262 | . 19 21 14 . 26 . 13 8 88 11 18 44 Largest 2 | . 2 2 1 . 2 . 2 2 2 1 1 2 Hottest 114 | . 90 75 40 . 105 . 68 68 114 60 60 105 Shots Fired 395 | . 38 38 14 . 55 . 26 12 127 11 17 57 Gun 187 | . 38 17 14 . 27 . 13 4 74 . . . Cannon 188 | . . 17 . . 28 . 13 5 45 11 17 52 Launcher 20 | . . 4 . . . . . 3 8 . . 5 Special . | . . . . . . . . . . . . . Kinetic 258 | . . 17 . . 32 . 26 9 94 11 17 52 Thermal 67 | . 19 . . . 23 . . . 25 . . . Explosive 12 | . . 4 . . . . . 3 5 . . . Electromagnetic 53 | . 19 17 14 . . . . . 3 . . . Entropic 5 | . . . . . . . . . . . . 5 Robot Hit Streak 22 | . 9 7 13 . 21 . 22 5 22 12 7 18 Robot Miss Streak 5 | . 2 3 1 . 3 . 2 2 5 1 2 3 Penetration Max 1 | . . . . . . . . . 1 . . . Secondary Targets 1 | . 1 . . . . . . . . . . . Max Gunslinging Chain 1 | . 1 . . . . . . . . . . . Shots Hit Robots 336 | . 24 24 13 . 44 . 25 8 108 11 16 63 Core Hits 241 | . 11 15 2 . 13 . 17 13 105 8 12 45 Critical Kills . | . . . . . . . . . . . . . Critical Parts Destroyed 1 | . . . . . . . . . 1 . . . Critical Strikes 25 | . 1 1 . . 3 . . . 8 . 1 11 Burn 4 | . 1 . . . 1 . . . 2 . . . Destroy 1 | . . . . . . . . . 1 . . . Blast 17 | . . 1 . . 2 . . . 5 . 1 8 Sunder 3 | . . . . . . . . . . . . 3 Melee Attacks 35 | . . . . . . . . . 13 . . 22 Impact . | . . . . . . . . . . . . . Slashing 13 | . . . . . . . . . 13 . . . Piercing 5 | . . . . . . . . . . . . 5 Entropic 17 | . . . . . . . . . . . . 17 Sneak Attacks 1 | . . . . . . . . . 1 . . . Combat Hostiles . | . . . . . . . . . . . . . Follow-up Attacks . | . . . . . . . . . . . . . Damage Inflicted 17874 | . 328 895 167 . 920 . 522 380 5556 769 780 7557 Guns 3135 | . 313 166 167 . 455 . 317 78 1639 . . . Cannons 6199 | . . 220 . . 441 . 205 27 1845 769 780 1912 Explosions 6777 | . . 508 . . . . . 275 1661 . . 4333 Melee 1626 | . . . . . . . . . 314 . . 1312 Ramming 137 | . 15 1 . . 24 . . . 97 . . . Kinetic 7757 | . . 220 . . 516 . 522 105 2933 769 780 1912 Thermal 1354 | . 174 124 . . 380 . . . 676 . . . Explosive 1691 | . . 384 . . . . . 275 1032 . . . Electromagnetic 976 | . 139 166 167 . . . . . 504 . . . Impact . | . . . . . . . . . . . . . Slashing 314 | . . . . . . . . . 314 . . . Piercing . | . . . . . . . . . . . . . Entropic 5645 | . . . . . . . . . . . . 5645 Highest Corruption 17 | . 1 1 1 1 4 . . . 13 13 13 17 Average Corruption 5 | . 1 1 1 1 3 . . . 9 13 13 12 Corruption Purged . | . . . . . . . . . . . . . Corruption Blocked 6 | . . . . . . . . . . . . 6 Effects 169 | . 13 8 4 2 15 . . . 58 19 46 4 Message Errors 46 | . 3 3 2 1 5 . . . 14 4 13 1 Matter Fused 36 | . 1 4 . . 2 . . . 10 4 15 . Heat Flow Errors 17 | . 1 . 1 1 2 . . . 6 3 3 . Energy Discharges 21 | . 2 1 . . 1 . . . 7 5 4 1 Parts Rejected 4 | . 1 . . . 1 . . . 1 . . 1 Data Loss (minor) 21 | . 4 . . . . . . . 9 2 5 1 Data Loss (major) 6 | . 1 . 1 . 1 . . . 2 . 1 . Misfires 6 | . . . . . 3 . . . 2 . 1 . Alerts 6 | . . . . . . . . . 3 1 2 . Weapon Failures 6 | . . . . . . . . . 4 . 2 . Overload Shots . | . . . . . . . . . . . . . Overflow Damage 734 | . . 41 . . . . . . 107 28 41 517 Projectiles 145 | . . . . . . . . . 30 28 41 46 Explosions 416 | . . 41 . . . . . . 37 . . 338 Melee 173 | . . . . . . . . . 40 . . 133 Knockbacks 54 | . . 5 . . 2 . 1 . 15 10 6 15 Impact 2 | . . . . . 1 . . . 1 . . . Kinetic 49 | . . 5 . . 1 . 1 . 11 10 6 15 Secondary 3 | . . . . . . . . . 3 . . . Self-Inflicted Damage 220 | . . 81 . . . . . . 139 . . . Shots 7 | . . 3 . . . . . . 4 . . . Rammed 18 | . 3 2 . . 3 . . . 10 . . . Targets Rammed 19 | . 4 2 . . 3 . . . 10 . . . Kicked . | . . . . . . . . . . . . . Crushed 1 | . 1 . . . . . . . . . . . Highest Temperature 360 | . 336 168 269 106 360 . . . 279 214 183 14 Average Temperature 99 | . 125 57 136 60 126 . . . 92 52 38 14 Received Heat Transfer 1518 | . 72 159 . . 18 . 90 . 852 144 . 183 Effects 3 | . 1 . . . . . . . 2 . . . Energy Bleed 1 | . 1 . . . . . . . . . . . Interference 2 | . . . . . . . . . 2 . . . Siege Activations . | . . . . . . . . . . . . . Robots Corrupted 1 | . . . 1 . . . . . . . . . Combat Hostiles . | . . . . . . . . . . . . . Parts Fried 6 | . 1 . 2 . . . . . 3 . . . Impact Corruptions 2 | . . . . . . . . . 2 . . . Robots Melted . | . . . . . . . . . . . . . Combat Hostiles . | . . . . . . . . . . . . . Parts Melted 4 | . 1 . . . 1 . . . 2 . . . Heat Transferred 2481 | . 592 100 . . 777 . . . 1012 . . . Parts Sabotaged . | . . . . . . . . . . . . . Parts Stolen . | . . . . . . . . . . . . . Parts Stripped . | . . . . . . . . . . . . . Power Chain Reactions 3 | . . 2 . . . . . . 1 . . . Missiles Intercepted . | . . . . . . . . . . . . . Alert | -11 -10 -10 -10 -9 -8 -7 -7 -6 -5 -5 -5 -5 ------- Run | Scr Mat Min Exi Min Mat Fac DSF Fac Fac Upp Upp War Peak Influence 637 | . 230 424 . . 165 11 155 219 637 . . . Initial 92 | . . . . . . 11 6 70 92 . . . Average 181 | . 49 141 . . 49 11 97 129 424 . . . Maximum Alert Level 2 | . 1 2 . . . . . 1 2 . . . Low Security (%) 62 | 100 97 56 . 100 100 100 100 65 7 . . . Level 1 16 | . 2 41 . . . . . 34 22 . . . Level 2 20 | . . 1 . . . . . . 70 . . . Level 3 . | . . . . . . . . . . . . . Level 4 . | . . . . . . . . . . . . . Level 5 . | . . . . . . . . . . . . . High Security . | . . . . . . . . . . . . . Max Security . | . . . . . . . . . . . . . Squads Dispatched 13 | . . . . . 1 . 2 . 10 . . . Investigation 4 | . . . . . 1 . . . 3 . . . Extermination 2 | . . . . . . . . . 2 . . . Reinforcement 6 | . . . . . . . 2 . 4 . . . Assault 1 | . . . . . . . . . 1 . . . Garrison . | . . . . . . . . . . . . . Intercept . | . . . . . . . . . . . . . Searches Triggered . | . . . . . . . . . . . . . Construction Impeded 2 | . . . . . . . . . 2 . . . Haulers Reinforced 1 | . . . . . . . . . 1 . . . Active Scanning Responses . | . . . . . . . . . . . . . Cargo Convoy Interrupts . | . . . . . . . . . . . . . Stealth | -11 -10 -10 -10 -9 -8 -7 -7 -6 -5 -5 -5 -5 --------- Run | Scr Mat Min Exi Min Mat Fac DSF Fac Fac Upp Upp War Distress Signals 8 | . 1 . . . 2 . . . 1 . . 4 Communications Jammed . | . . . . . . . . . . . . . Distress Signals . | . . . . . . . . . . . . . Times Spotted 180 | . 22 12 . . 21 . 6 8 55 4 10 42 Peak Tracking Total 10 | . 4 3 . . 5 . 2 4 7 4 5 10 Tactical Retreats 13 | . 1 . . . 1 . . . 10 . . 1 Traps | -11 -10 -10 -10 -9 -8 -7 -7 -6 -5 -5 -5 -5 ------- Run | Scr Mat Min Exi Min Mat Fac DSF Fac Fac Upp Upp War Traps Triggered 7 | . 1 . . . 3 . 1 . 2 . . . Indirectly 1 | . . . . . . . . . 1 . . . Trap Hack Attempts . | . . . . . . . . . . . . . Triggered . | . . . . . . . . . . . . . Disarmed . | . . . . . . . . . . . . . Reprogrammed . | . . . . . . . . . . . . . Reused . | . . . . . . . . . . . . . Traps Extracted . | . . . . . . . . . . . . . Installed . | . . . . . . . . . . . . . Triggered 17 | . . . . . . . . . 2 . . 15 Machines | -11 -10 -10 -10 -9 -8 -7 -7 -6 -5 -5 -5 -5 ---------- Run | Scr Mat Min Exi Min Mat Fac DSF Fac Fac Upp Upp War Machines Disabled 23 | . . 2 . . 1 . . . 17 . 2 1 Max in Single Turn 6 | . . 1 . . . . . . 6 . 2 1 Machines Sabotaged . | . . . . . . . . . . . . . Garrisons Compromised . | . . . . . . . . . . . . . Overloaded Fab Kills . | . . . . . . . . . . . . . Hacking | -11 -10 -10 -10 -9 -8 -7 -7 -6 -5 -5 -5 -5 --------- Run | Scr Mat Min Exi Min Mat Fac DSF Fac Fac Upp Upp War Machines Accessed 25 | . 7 . 2 . 1 1 . 1 6 . 2 5 Terminals 11 | . 6 . . . 1 1 . 1 1 . 1 . Fabricators 2 | . . . . . . . . . 2 . . . Repair Stations 2 | . 1 . . . . . . . 1 . . . Recycling Units 2 | . . . . . . . . . 2 . . . Scanalyzers . | . . . . . . . . . . . . . Garrison Access . | . . . . . . . . . . . . . Total Hacks 60 | . 18 . 5 . 4 2 . 1 16 . 2 12 Successful 44 | . 12 . 5 . 2 1 . 1 9 . 2 12 Failed 16 | . 6 . . . 2 1 . . 7 . . . Catastrophic 2 | . 1 . . . . . . . 1 . . . Database Lockouts . | . . . . . . . . . . . . . Manual 16 | . 11 . 2 . . . . . 3 . . . Terminals 27 | . 16 . . . 4 2 . 1 3 . 1 . Fabricators 4 | . . . . . . . . . 4 . . . Repair Stations 4 | . 2 . . . . . . . 2 . . . Recycling Units 7 | . . . . . . . . . 7 . . . Scanalyzers . | . . . . . . . . . . . . . Garrison Access . | . . . . . . . . . . . . . Terminal Hacks 31 | . 8 . 5 . 2 1 . 1 . . 2 12 Record 16 | . . . 4 . . . . . . . 1 11 Prototype ID Bank 5 | . 5 . . . . . . . . . . . Open Door 2 | . . . . . . . . . . . 1 1 Open DSF 2 | . . . . . . 1 . 1 . . . . Branch Access Points 1 | . 1 . . . . . . . . . . . Emergency Access Points 1 | . 1 . . . . . . . . . . . Alert Level 2 | . 1 . . . 1 . . . . . . . Unreport Threat 1 | . . . . . 1 . . . . . . . EX-Prototype ID Bank 1 | . . . 1 . . . . . . . . . Fabricator Hacks 3 | . . . . . . . . . 3 . . . Network Status 1 | . . . . . . . . . 1 . . . Build 2 | . . . . . . . . . 2 . . . Repair Station Hacks 3 | . 2 . . . . . . . 1 . . . Scan Component 1 | . 1 . . . . . . . . . . . Repair 1 | . 1 . . . . . . . . . . . Refit 1 | . . . . . . . . . 1 . . . Recycling Unit Hacks 4 | . . . . . . . . . 4 . . . Process 1 | . . . . . . . . . 1 . . . Retrieve Matter 2 | . . . . . . . . . 2 . . . Retrieve Components 1 | . . . . . . . . . 1 . . . Scanalyzer . | . . . . . . . . . . . . . Garrison Access Hacks . | . . . . . . . . . . . . . Unauthorized Hacks 3 | . 2 . . . . . . . 1 . . . Terminals 3 | . 2 . . . . . . . 1 . . . Botnet 3 | . 2 . . . . . . . 1 . . . Fabricators . | . . . . . . . . . . . . . Repair Stations . | . . . . . . . . . . . . . Recycling Units . | . . . . . . . . . . . . . Scanalyzers . | . . . . . . . . . . . . . Garrison Access . | . . . . . . . . . . . . . Data Cores Recovered . | . . . . . . . . . . . . . Used . | . . . . . . . . . . . . . Hacking Detections 15 | . 7 . . . 1 1 . 1 4 . 1 . Full Trace Events 4 | . 1 . . . . . . . 3 . . . Feedback Events . | . . . . . . . . . . . . . Feedback Blocked . | . . . . . . . . . . . . . Robot Schematics Acquired . | . . . . . . . . . . . . . Robots Built 4 | . . . . . . . . . 4 . . . Authchips . | . . . . . . . . . . . . . Time 208 | . . . . . . . . . 208 . . . Total Robot Build Rating 22 | . . . . . . . . . 22 . . . Part Schematics Acquired . | . . . . . . . . . . . . . Parts Built . | . . . . . . . . . . . . . Authchips . | . . . . . . . . . . . . . Time . | . . . . . . . . . . . . . Total Part Build Rating . | . . . . . . . . . . . . . Parts Repaired 1 | . 1 . . . . . . . . . . . Time 13 | . 13 . . . . . . . . . . . Parts Recycled . | . . . . . . . . . . . . . Recycled Matter . | . . . . . . . . . . . . . Retrieved Matter . | . . . . . . . . . . . . . Retrieved Components . | . . . . . . . . . . . . . Parts Scanalyzed . | . . . . . . . . . . . . . Part Schematics Acquired . | . . . . . . . . . . . . . Parts Damaged . | . . . . . . . . . . . . . Bothacking | -11 -10 -10 -10 -9 -8 -7 -7 -6 -5 -5 -5 -5 ------------ Run | Scr Mat Min Exi Min Mat Fac DSF Fac Fac Upp Upp War Used RIF Installer . | . . . . . . . . . . . . . Robots Hacked . | . . . . . . . . . . . . . Non-combat . | . . . . . . . . . . . . . Combat . | . . . . . . . . . . . . . Robot Hacks Applied . | . . . . . . . . . . . . . Relay Couplers Released . | . . . . . . . . . . . . . Fabnet Peak Effective % . | . . . . . . . . . . . . . Robots Rewired 4 | . . . 3 . . . . . 1 . . . Allies Hacked 1 | . . . . . . . . . 1 . . . Hacks Repelled . | . . . . . . . . . . . . . Allies | -11 -10 -10 -10 -9 -8 -7 -7 -6 -5 -5 -5 -5 -------- Run | Scr Mat Min Exi Min Mat Fac DSF Fac Fac Upp Upp War Total Allies 8 | . . . 3 . . . . . 5 . . . Largest Group 3 | . . . 3 3 3 . . . 2 . . . Highest-Rated Group 92 | . . . 37 37 37 . . . 92 . . . Highest-Rated Ally 46 | . . . 21 21 21 . . . 46 . . . Total Orders . | . . . . . . . . . . . . . Ally Attacks 44 | . . . . . 19 . . . 25 . . . Total Damage 823 | . . . . . 246 . . . 577 . . . Kills 8 | . . . . . 3 . . . 5 . . . Allies Corrupted . | . . . . . . . . . . . . . Allies Melted 1 | . . . . . 1 . . . . . . . Intel | -11 -10 -10 -10 -9 -8 -7 -7 -6 -5 -5 -5 -5 ------- Run | Scr Mat Min Exi Min Mat Fac DSF Fac Fac Upp Upp War Robot Analysis Total . | . . . . . . . . . . . . . Derelict Logs Recovered 3 | . . 1 . . . . . . . 1 1 . Drone Launches . | . . . . . . . . . . . . . Drone Recoveries . | . . . . . . . . . . . . . Exploration | -11 -10 -10 -10 -9 -8 -7 -7 -6 -5 -5 -5 -5 ------------- Run | Scr Mat Min Exi Min Mat Fac DSF Fac Fac Upp Upp War Turns Passed 9983 | 6 1631 1168 825 118 942 8 201 380 1833 597 1052 1222 Spaces Moved 5264 | 1 968 678 480 71 394 3 96 271 1175 238 417 472 Core . | . . . . . . . . . . . . . Treads 4472 | . 893 678 480 71 394 3 96 144 586 238 417 472 Legs 196 | 1 75 . . . . . . . 120 . . . Wheels . | . . . . . . . . . . . . . Hover 596 | . . . . . . . . 127 469 . . . Flight . | . . . . . . . . . . . . . Fastest Speed 45 | 120 120 160 160 160 160 240 160 52 45 243 243 165 Average Speed 167 | 120 156 160 160 160 207 240 160 116 119 243 244 220 Slowest Speed 320 | 120 160 160 160 160 240 240 160 320 245 243 245 250 Overloaded Moves . | . . . . . . . . . . . . . Propulsion Burnouts . | . . . . . . . . . . . . . Robots Hopped . | . . . . . . . . . . . . . Cave-ins Triggered . | . . . . . . . . . . . . . Exploration Rate (%) 50 | 1 96 94 91 24 29 . 83 11 16 47 51 62 Regions Visited 12 Branch Regions 6 Pre-discovered Areas 1 | . . . 1 . . . . . . . . . Known Exits Taken 3 | . 1 . . . . 1 . . . 1 . . Unknown Exits Taken 8 | 1 . 1 1 1 1 . . 1 1 . 1 . Scrap Searched 4 | . . 1 . . . . . . . 1 2 . Spaces Dug 5 | . . . . . . . . . 1 . . 4 Terrain Destroyed 220 | . . 69 . . 1 . . 12 70 3 27 38 Melee . | . . . . . . . . . . . . . Projectile 52 | . . 1 . . 1 . . . 12 3 14 21 AOE 168 | . . 68 . . . . . 12 58 . 13 17 Terrain Rammed . | . . . . . . . . . . . . . Walls Destroyed . | . . . . . . . . . . . . . Machines Disabled . | . . . . . . . . . . . . . Actions | -11 -10 -10 -10 -9 -8 -7 -7 -6 -5 -5 -5 -5 --------- Run | Scr Mat Min Exi Min Mat Fac DSF Fac Fac Upp Upp War Total 6025 | 8 1041 721 524 76 460 3 118 324 1463 250 441 596 Wait 137 | . 24 13 3 6 8 . . 10 73 . . . Move 5254 | . 967 677 479 70 394 3 95 270 1174 237 416 472 Hop . | . . . . . . . . . . . . . Pick Up 73 | . 11 1 5 . 12 . 3 8 18 1 5 9 Fast Attach 70 | . 7 . 2 . 8 . 2 6 33 1 1 10 Attach 40 | 2 1 2 . . 2 . 3 5 11 . . 14 Detach 18 | 1 . . . . . . . 1 8 . . 8 Swap 18 | . . 4 . . 3 . . 3 6 . . 2 Drop 76 | 5 8 1 4 . 5 . 2 13 23 . 1 14 Fire 262 | . 19 21 14 . 26 . 13 8 88 11 18 44 Melee 35 | . . . . . . . . . 13 . . 22 Ram 10 | . . . . . . . . . 10 . . . Kick . | . . . . . . . . . . . . . Crush 8 | . 4 2 . . 2 . . . . . . . Escape Stasis . | . . . . . . . . . . . . . Rewire 24 | . . . 17 . . . . . 6 . . 1 Trap . | . . . . . . . . . . . . . Miscellaneous . | . . . . . . . . . . . . . Route ------- -11/Scrapyard -10/Materials (discovered 5 exits: [*Mat x3] / *Min x2) -10/Mines (discovered 3 exits: [*Mat x2] / *Exi) -10/Exiles -9/Mines -8/Materials -7/Factory -7/DSF -6/Factory -5/Factory -5/Upper Caves -5/Upper Caves -5/Warlord History --------- Turn | Location | Event 7 | -11/Scrapyard | Discovered new exit (range 0) 7 | -11/Scrapyard | Entered Materials 209 | -10/Materials | Identified exit to Mines 310 | -10/Materials | Build established: Mutant 331 | -10/Materials | Discovered new exit (range 15) 471 | -10/Materials | Discovered new exit (range 9) 557 | -10/Materials | Discovered new exit (range 13) 585 | -10/Materials | Repaired Lgt. Ion Engine 1638 | -10/Materials | Entered Mines 1642 | -10/Mines | Discovered new exit (range 7) 1674 | -10/Mines | Received a Rocket Launcher from a helpful Derelict 1699 | -10/Mines | Learned Materials emergency access door positions 2016 | -10/Mines | Discovered new exit (range 14) 2800 | -10/Mines | Deemed a non-threat by the Exiles lab entrance 2800 | -10/Mines | Discovered new exit (range 5) 2806 | -10/Mines | Entered Exiles 2806 | -10/Exiles | Found Exiles lab destroyed 3042 | -10/Exiles | Learned location of Zion (-6) 3145 | -10/Exiles | Opened EX-Vault 3157 | -10/Exiles | Found Firepult 3605 | -10/Exiles | Discovered new exit (range 10) 3631 | -10/Exiles | Entered Mines 3631 | -9/Mines | Accompanied by 3 allies 3669 | -9/Mines | Met a Derelict bent on vengeance 3726 | -9/Mines | Discovered new exit (range 9) 3749 | -9/Mines | Entered Materials 3749 | -8/Materials | Accompanied by 3 allies 3749 | -8/Materials | Evolved 4 slots: Propulsion x1, Utility x3 4194 | -8/Materials | Build established: Hacker-Mutant 4682 | -8/Materials | Discovered new exit (range 5) 4691 | -8/Materials | Entered Factory 4691 | -7/Factory | Evolved 2 slots: Propulsion x1, Utility x1 4699 | -7/Factory | Identified exit to DSF 4699 | -7/Factory | Entered DSF 4722 | -7/DSF | Additional patrols routed to DSF 4873 | -7/DSF | Discovered new exit (range 14) 4900 | -7/DSF | Entered Factory 4900 | -6/Factory | Evolved 2 slots: Power x1, Utility x1 5270 | -6/Factory | Discovered new exit (range 4) 5280 | -6/Factory | Entered another Factory area 5280 | -5/Factory | Evolved 2 slots: Utility x2 5393 | -5/Factory | Spotted B-75 Beast 5619 | -5/Factory | Fabricated E-15 Imp? 5629 | -5/Factory | Destroyed 9 combat bots 5637 | -5/Factory | Lost 13 parts (2p3n5u3w) 6132 | -5/Factory | Build established: Scavenger-Mutant 6176 | -5/Factory | Destroyed B-75 Beast 6518 | -5/Factory | Fabricated X-72 Disruptor? 6604 | -5/Factory | Core integrity fell below 50% 6612 | -5/Factory | System corruption reached 10% 6780 | -5/Factory | First assault squad dispatched 6916 | -5/Factory | Build established: Hacker-Mutant 7011 | -5/Factory | Discovered new exit (range 12) 7113 | -5/Factory | Entered Upper Caves 7344 | -5/Upper Caves | Identified exit to Upper Caves 7570 | -5/Upper Caves | Ambushed by wild Derelicts 7710 | -5/Upper Caves | Entered another Upper Caves area 8612 | -5/Upper Caves | Discovered new exit (range 16) 8636 | -5/Upper Caves | Learned Factory non-interactive machine intel 8762 | -5/Upper Caves | Entered Warlord 8865 | -5/Warlord | System corruption cleaned by Quarantine Array 9072 | -5/Warlord | Visited the Vortex Lab 9074 | -5/Warlord | Warlord's base attacked by MAIN.C 9093 | -5/Warlord | Found Prototype Piercing Weapon 9097 | -5/Warlord | Found Prototype Piercing Weapon 9104 | -5/Warlord | Found Prototype Launcher 9110 | -5/Warlord | Identified Vortex Catalyst Activator 9112 | -5/Warlord | Identified Vortex Lance (x2) 9424 | -5/Warlord | Warlord forces counterattacked 9553 | -5/Warlord | Spotted Striker 9558 | -5/Warlord | Destroyed Striker 9584 | -5/Warlord | Destroyed 9 combat bots 9620 | -5/Warlord | Spotted Striker 9627 | -5/Warlord | Destroyed Striker 9649 | -5/Warlord | Destroyed 13 combat bots 9649 | -5/Warlord | Lost 3 parts (3u) 9742 | -5/Warlord | Met Warlord 9749 | -5/Warlord | Warlord base infiltrated, sounded retreat 9750 | -5/Warlord | Enhanced Grunt warped into view 9750 | -5/Warlord | Enhanced Grunt warped into view 9750 | -5/Warlord | Enhanced Grunt warped into view 9750 | -5/Warlord | Enhanced Demolisher warped into view 9750 | -5/Warlord | Enhanced Demolisher warped into view 9750 | -5/Warlord | Enhanced Demolisher warped into view 9783 | -5/Warlord | Found Prototype Device 9783 | -5/Warlord | Identified Exp. Focal Shield 9786 | -5/Warlord | Found Prototype Processor 9786 | -5/Warlord | Identified Exp. Target Analyzer 9795 | -5/Warlord | Found Prototype Device 9795 | -5/Warlord | Identified Exp. Phase Shifter 9801 | -5/Warlord | Found Prototype Reactor 9911 | -5/Warlord | Spotted Striker 9959 | -5/Warlord | Core integrity fell below 20% 9964 | -5/Warlord | Identified Vortex Chain Reactor 9975 | -5/Warlord | Destroyed Striker 9984 | -5/Warlord | Destroyed by P-70 Sage with High-powered Shock Rifle Last Messages --------------- 09964_ Identified Vortex Chain Reactor. 09966_ Knocked back. 09967_ System corrupted: Vortex Lance rejected. 09969_ Destroyed Imp. Deuterium Engine. 09970_ Knocked back. 09971_ Destroyed Carbon-fiber Leg. 09971_ L-41 Fighter destroyed. 09974_ ANNOUNCEMENT: Detected 2 Melee squads, 2 Grunt squads, with prototype support. 09974_ Mak. Salvage Targeting Computer destroyed. 09974_ System corrupted by crushing effect (+2). 09974_ Knocked back. 09975_ Striker destroyed. 09979_ B-60 Warrior suffers critical hit (Sunder). 09979_ B-60 Warrior Imp. Treads ripped off. 09981_ B-60 Warrior suffers critical hit (Sunder). 09981_ B-60 Warrior Rnf. Fission Core ripped off. 09981_ Exp. Focal Shield destroyed. 09981_ System corrupted by crushing effect (+3). 09983_ B-60 Warrior destroyed. Map ----- +----------------------------------------------------+ | ?????????????????????????????????????????????????? | | ?????????????????????????????????????????????##### | | ?????????????????????????????????????????????# ^ | | ????????????????????????????????????########## ^ | | ############????????????????????????# + ^ | | =#"""""""""#????????????????????????# #^^ | | !#" " "#????????????????????????# # ^"" | | #" "#????????????????????????# [ !#^ "" | | #" "#????????????????????????# ! +^ "" | | #" "#????????????????????????# | # "" | | #" "#???????????????????% ???# #^^"" | | ##" "#???????????????????%%???# # | | #" "#???????????????????!*???# # | | "#???????????????????%=???#######+## | | "#???????????????????%%??? | | "#???????????????????%##?????#### ### ## | | "#?######????????????%!#??#?#??##+###+#? | | #####+++######""""##?????????##% ?? #i#??# | | ????#^ #???#"" "##??####### *#?# ; ##?# | | ????# #???#" ""#?## ## % ## #;;### ] | | ????# #???#"" #X"# ##; #;; ! [%%=% " ! ! ?? | | ????# #???#" #""## % % [%! %= " ?? | | ????# #???## # ## %%=% %!% =% # && ? | | ???## ##???##+ # # %! %%=/ % " && | | ???# ##### ##!== !% " ] | | ???# ^ # #!%@=!!==] % % " | | ???# ^ % *=/%!! %^ % =! ######## | | ^ ## %/p % ^ !=%= ?# | | ##### # !%!*###??# | | ##########???### ## ## # # ;!%%"##### | | ???????????????# # # ### =%%[ =]% | | ???????????????### ### / !%[%% | | ?????????????????# #?# # %!! / % | | ?????????????????# #?# " = % | | ?????????????????# #?# " #[ | | ?????????????????# #?# # ! # | | ?????????????????# ### + ; " # | | ?????????????????# # # "; #[ """ ### | | ?????????????????# + + # #%! "" | | ?????????????????# ########+#### "" | | ?????????????????# #?????????????# | | ??????????###???## ##????????????# | | ###########X##### #????????????# ########### | | ^ #????????????# #?????????? | | ^ + !?????# +?????????? | | ^ #### ! !???# #?????????? | | ################# #?????? ????# #?????????? | | ############????###+###????????????### #?????????? | | """""""#?????????????????????????? #?????????? | | """"#?????????????????????????? ??????????? | +----------------------------------------------------+ Best States ------------- Heat Dissipation 107 Energy Generation 31 Energy Capacity 590 Matter Stores 300 Matter Capacity 300 Sight Range 16 Terrain Scan Density 10 Armor Coverage 600 Resistance: KI 50 Resistance: TH 20 Resistance: EX 20 Resistance: EM 20 Resistance: I 20 Resistance: S 20 Resistance: P 20 Propulsion Shielding 66 Weapon Cycling 20 Phase Shifting 20 Evasion (%) 60 Targeting Accuracy 5 Target Analysis 10 Recoil Reduction 4 Salvage Targeting 4 Offensive Hacking 20 Item Schematics ----------------- None Robot Schematics ------------------ None Fabricated ------------ E-15 Imp | x2 | -5/Factory | Preloaded X-72 Disruptor | x2 | -5/Factory | Preloaded Alien Tech Used ----------------- None Achievements -------------- None Challenges ------------ None Game ------ Seed PotentialMasterPit Manual? 0 Play Time 01:41:25 Cumulative 935.2 hours Start 2022.07.27 @ 03:24:48 End 2022.07.29 @ 16:19:29 Sessions 3 Manual Loads 0 Difficulty Adventurer Special Mode None Game No. 202 Rogue 1 Adventurer 201 Explorer 0 Win Type - Total 4 Types 4/0/0/0/0/0/0/0/0 Lore% 69 Gallery% 81 Achievement% 64 Wizard Run 0 Options --------- ASCII 0 Keyboard 0 Movement Mouse Keybinds 0 Fullscreen 0 Font 16/SmallcapsGlow Map View 76x50 Tactical HUD 1 Map Filters NONE Filters BRIGHTNESS(125)|SATURATION(75)|LOW_CONTRAST(13,24,33)|SHIFT_HUE(130) Steam 1 RUN: 5fbbc253-99fa-4ff1-8914-c219109ca41d